 Dungeon Crawl Stone Soup version 0.25-a0-404-gc1b5a34292 (webtiles) character file.

Game seed: 14229404472518951017, levelgen mode: classic

5292 EnegeticOcto the Fighter (level 10, 0/103 HPs)
             Began as a Minotaur Wanderer on Jan 10, 2020.
             Was a High Priest of Ru.
             Killed from afar by an orc (33 damage)
             ... with an exploding inner flame
             ... hexed by the player character
             ... on level 10 of the Dungeon.
             The game lasted 00:12:39 (11478 turns).

EnegeticOcto the Fighter (Minotaur Wanderer)       Turns: 11478, Time: 00:12:39

Health: 0/103      AC: 16    Str: 19    XL:     10   Next: 37%
Magic:  10/10      EV:  9    Int: 10    God:    Ru [*****.]
Gold:   626        SH:  0    Dex: 10    Spells: 11/11 levels left

rFire    . . .     SeeInvis .   y - +1 war axe
rCold    . . .     Gourm    .   (no shield)
rNeg     . . .     Faith    .   t - +0 plate armour
rPois    .         Spirit   .   (helmet restricted)
rElec    .         Reflect  .   l - +1 cloak
rCorr    .         Harm     .   (no gloves)
MR       .....                  (no boots)
Stlth    ..........             (no amulet)
HPRegen  0.27/turn              (no ring)
MPRegen  0.12/turn              (no ring)

@: no status effects
A: retaliatory headbutt, horns 2, inability to use devices, no air magic, no
charms magic, no transmutations magic, inexperienced 1
a: Draw Out Power, Power Leap, Apocalypse, Renounce Religion


You were on level 10 of the Dungeon.
You worshipped Ru.
Ru was extremely pleased with you.
You were very hungry.

You visited 1 branch of the dungeon, and saw 10 of its levels.

You collected 626 gold pieces.

Inventory:

Hand Weapons
 f - a +2 morningstar of holy wrath
 m - a +1 hand axe of freezing
 y - a +1 war axe (weapon)
Armour
 l - a +1 cloak (worn)
 t - a +0 plate armour (worn)
Scrolls
 b - 6 scrolls of remove curse {@r2}
 d - a scroll of teleportation {@r3 !r}
 g - a scroll of enchant weapon
 i - 3 scrolls of fog {!r}
 n - 2 scrolls of fear {!r}
 q - a scroll of blinking {@r4}
 r - a scroll of magic mapping {@r5 !r}
 A - a scroll of enchant armour
Potions
 c - 2 potions of mutation
 h - 2 potions of lignification {@q6}
 j - 3 potions of curing {@q1 !q}
 k - a potion of magic
 o - a potion of ambrosia {unknown}
 s - 6 potions of haste {@q4 !q}
 v - a potion of brilliance
 w - a potion of heal wounds {@q2 !q}
 z - a potion of might {@q3 !q}
Comestibles
 e - 22 rations


   Skills:
 + Level 14.3 Fighting
 * Level 12.8 Axes
 - Level 1.0 Throwing
 + Level 8.3 Armour
 + Level 8.5 Dodging
 - Level 1.0 Stealth
 - Level 1.0 Spellcasting
   Level 1.3 Fire Magic


You had 11 spell levels left.
You didn't know any spells.
Your spell library contained the following spells:

 Spells                   Type           Power        Failure   Level  Hunger
 Foxfire                  Conj/Fire      #...         99%         1    ##.....
 Animate Skeleton         Necr           N/A          100%        1    ##.....
 Apportation              Tloc           #.....       100%        1    ##.....
 Corona                   Hex            #......      100%        1    ##.....
 Pain                     Necr           #...         100%        1    ##.....
 Summon Small Mammal      Summ           #...         100%        1    ##.....
 Conjure Flame            Conj/Fire      #.......     100%        3    ####...
 Inner Flame              Hex/Fire       #.......     100%        3    ####...
 Vampiric Draining        Necr           #.........   100%        3    ####...
 Animate Dead             Necr           N/A          100%        4    #####..
 Sticky Flame             Conj/Fire      #.......     100%        4    #####..
 Agony                    Necr           #.......     100%        5    ######.
 Fireball                 Conj/Fire      #.........   100%        5    ######.
 Beastly Appendage        Tmut           Unusable     N/A         1    N/A
 Sticks to Snakes         Tmut           Unusable     N/A         2    N/A
 Spider Form              Tmut/Pois      Unusable     N/A         3    N/A
 Ice Form                 Ice/Tmut       Unusable     N/A         4    N/A
 Blade Hands              Tmut           Unusable     N/A         5    N/A

Dungeon Overview and Level Annotations

Branches:
Dungeon (10/15)            Temple (0/1) D:7
   Lair: D:8-11         Orc: D:9-12

Altars:
Ru

Shops:
D:5 :   D:9 }


Innate Abilities, Weirdness & Mutations

You reflexively headbutt those who attack you in melee.
You have a pair of horns on your head.
You cannot study or use magical devices.
You cannot study or cast Air magic.
You cannot study or cast Charms magic.
You cannot study or cast Transmutations magic.
You are somewhat inexperienced. (-2 XL)


Message History

The orc shouts!
You hear a shout! x2
An orc comes into view. It is wielding a +0 hand axe.
Found a runed tourmaline ring.
There are monsters nearby!
There are monsters nearby!
There are monsters nearby! 2 orcs come into view.
The orc shouts! x3; You hear a shout!
An orc comes into view. It is wielding a +0 club.
An orc comes into view. It is wielding a +0 whip.
Found a potion of brilliance.
An orc, an orc warrior and 2 orc priests come into view.
The orc shouts!
The orc warrior shouts!
The orc shouts!
The orc priest shouts! x2
You hear a shout! x2
The orc priest looks braver for a moment.
An orc comes into view.
It is wielding a +0 whip. 3 orcs and an orc priest come into view.
The orc priest is wielding a +0 flail and wearing a +0 scale mail of poison resistance.
The orc priest shouts!
The orc shouts! x2
An orc comes into view. It is wielding a +0 war axe.
The orc priest begins to pray, but is stunned by your will!
An orc priest comes into view. It is wielding a +0 hand axe.
The orc hits you but does no damage.
The orc moves out of view.
You slice the orc!!
You kill the orc!
The orc priest begins to pray, but is stunned by your will!
The orc priest calls down the wrath of Beogh upon you.
Beogh smites you!
You closely miss the orc.
Your plate armour prevents you from hitting the orc.
The orc is stunned by your will and fails to attack.
The orc priest begins to pray, but is stunned by your will!
A crimson imp comes into view.
The orc is stunned by your will and fails to attack.
The orc hits you.
You completely miss the orc.
The crimson imp shouts!
You headbutt the orc.
The orc is moderately wounded.
You hit the orc.
The orc priest calls down the wrath of Beogh upon you.
Beogh smites you!
You focus your will and slow the orc priest in retribution!
The orc closely misses you. You furiously retaliate!
You headbutt the orc!
You kill the orc!
You closely miss the orc.
The orc is moderately wounded.
You closely miss the orc. The orc hits you but does no damage.
The orc priest looks encouraged for a moment.
Okay, then.
Really read the scroll of immolation?
As you read the scroll of immolation, it crumbles to dust.
The creatures around you are filled with an inner flame!
The orc priest calls down the wrath of Beogh upon you.
Beogh smites you! The orc hits you but does no damage. x2
The orc priest looks braver for a moment.
The orc priest begins to pray, but is stunned by your will!
You slash the orc!
The orc explodes!
The fiery explosion engulfs the orc warrior!!
Flame seeps out of the orc warrior.
The orc warrior is severely wounded.
The fiery explosion engulfs the orc!!
The orc explodes!
The fiery explosion engulfs the orc!!
The orc explodes!
The fiery explosion engulfs the orc!!
The orc explodes!
The fiery explosion engulfs the crimson imp.
The crimson imp completely resists.
The fiery explosion engulfs the orc!!!
The orc explodes!
The fiery explosion engulfs the orc!!
The orc explodes!
The fiery explosion engulfs the orc!!
The orc explodes!
The fiery explosion engulfs the orc priest!!
The orc priest explodes!
The fiery explosion engulfs the orc!!!
The orc explodes!
The fiery explosion engulfs the orc priest!!
The orc priest explodes!
The fiery explosion engulfs the crimson imp.
The crimson imp completely resists.
The fiery explosion engulfs the crimson imp.
The crimson imp completely resists.
The fiery explosion engulfs the crimson imp.
The crimson imp completely resists.
The fiery explosion engulfs the orc warrior!!
The orc warrior explodes!
The fiery explosion engulfs the orc priest!!!
The orc priest explodes!
The fiery explosion engulfs the crimson imp.
The crimson imp completely resists.
The fiery explosion engulfs the orc!!
The orc explodes!
The fiery explosion engulfs the orc priest!!
The orc priest explodes!
The fiery explosion engulfs the orc!!!
The orc explodes!
The fiery explosion engulfs you!! x2
You die...

.........#####.##.###..#<........
.........#........###..#.......).
.............####..###.(.........
##.......##..## #...#..#.........
.#.......###..# #..##..#.##.#..#.
.........###.#####.###.#.####..##
..(.......#..# #.......#.. ...#
.....###.....# #...##....# ..
....###..##.## #@§§# ...#
.....###.#### #§§§§.# #=.
...####...# #§§§§%.%.# .
#.....#..## #§§#§..%...%
##......## #§5§§§§......
...###### #§§§§####.!... ##.#
§§§§% ..... ...# %§§.. ..... ...#


You could see a crimson imp (inner flame).

Vanquished Creatures
  A two-headed ogre (D:10)
  Pikel (D:8)
  A centaur zombie (D:10)
  A troll (D:9)
  2 hippogriffs
  Prince Ribbit (D:6)
  9 yaks (D:9)
  A wyvern (D:8)
  Menkaure (D:4)
  6 orc warriors
  An ice beast (D:10)
  A phantom (D:4)
  3 sky beasts
  3 ogres
  3 centaurs
  A crocodile (D:10)
  2 big kobolds
  6 bullfrogs
  3 scorpions
  19 killer bees
  5 howler monkeys
  3 crimson imps
  3 jellies
  A quasit (D:7)
  12 orc priests
  10 hounds
  2 bullfrog zombies (D:8)
  2 centaur skeletons (D:5)
  A bullfrog skeleton (D:5)
  11 orc wizards
  2 iguanas (D:9)
  3 worker ants
  3 hound skeletons
  4 gnolls
  6 adders
  A shadow imp (D:10)
  An ooze (D:1)
  An adder skeleton (D:4)
  2 worms
  A dart slug (D:1)
  3 leopard geckos
  44 orcs
  5 bats
  9 giant cockroaches
  7 goblins
  3 hobgoblins (D:1)
  17 jackals
  A quokka (D:7)
  8 frilled lizards
  10 kobolds
  2 quokka skeletons
  9 rats
258 creatures vanquished.

Vanquished Creatures (others)
  A slave (D:8)
  4 orcs
5 creatures vanquished.

Grand Total: 263 creatures vanquished

Notes
Turn   | Place    | Note
-------+----------+-------------------------------------------
     0 | D:1      | EnegeticOcto the Minotaur Wanderer began the quest for the
                  | Orb.
     0 | D:1      | EnegeticOcto set off with the following items: a +0 hand
                  | axe, a +0 robe, a ration; and the following spells
                  | available to memorise: Foxfire, Pain, Conjure Flame, Inner
                  | Flame, Vampiric Draining, Sticky Flame, Fireball
     0 | D:1      | Reached XP level 1. HP: 22/22 MP: 1/1
   216 | D:1      | Reached skill level 5 in Fighting
   216 | D:1      | Reached XP level 2. HP: 29/29 MP: 2/2
   419 | D:1      | Reached skill level 1 in Dodging
   946 | D:1      | Reached XP level 3. HP: 36/36 MP: 3/3
  1049 | D:2      | Found a faded altar of an unknown god.
  1961 | D:3      | Reached XP level 4. HP: 39/42 MP: 4/4
  2453 | D:3      | Reached XP level 5. HP: 5/49 MP: 5/5
  3210 | D:4      | Reached skill level 6 in Fighting
  3210 | D:4      | Reached skill level 5 in Axes
  3217 | D:4      | Reached XP level 6. HP: 49/57 MP: 6/6
  3485 | D:4      | Reached skill level 1 in Armour
  3485 | D:4      | Reached XP level 7. HP: 32/64 MP: 7/7
  3675 | D:4      | Found a sacrificial altar of Ru.
  3676 | D:4      | Noticed Menkaure
  3683 | D:4      | Killed Menkaure
  3697 | D:4      | Became a worshipper of Ru the Awakened
  4288 | D:5      | Entered Level 5 of the Dungeon
  4394 | D:5      | Reached skill level 7 in Fighting
  4424 | D:5      | Found Okkijewk's Book Shop.
  4944 | D:5      | Reached XP level 8. HP: 67/73 MP: 8/8
  5287 | D:6      | Gained mutation: You cannot study or cast Air magic. [Ru
                  | sacrifice]
  5287 | D:6      | Gained mutation: You cannot study or cast Transmutations
                  | magic. [Ru sacrifice]
  5287 | D:6      | Gained mutation: You cannot study or cast Charms magic. [Ru
                  | sacrifice]
  5287 | D:6      | Reached * piety under Ru
  5435 | D:6      | Reached skill level 5 in Dodging
  5516 | D:6      | Noticed Prince Ribbit
  5522 | D:6      | Killed Prince Ribbit
  6352 | D:7      | Reached skill level 8 in Fighting
  6567 | D:7      | Reached XP level 9. HP: 78/81 MP: 9/9
  6616 | D:7      | Found a staircase to the Ecumenical Temple.
  6939 | D:7      | Reached skill level 5 in Armour
  7352 | D:8      | Gained mutation: You cannot study or use magical devices.
                  | [Ru sacrifice]
  7352 | D:8      | Reached ** piety under Ru
  7352 | D:8      | Reached *** piety under Ru
  7391 | D:8      | Reached skill level 10 in Axes
  7408 | D:8      | Noticed Pikel
  7535 | D:8      | Killed Pikel
  7535 | D:8      | Reached skill level 9 in Fighting
  8652 | D:9      | Noticed a troll
  8660 | D:9      | Killed a troll
  8660 | D:9      | Reached XP level 10. HP: 56/91 MP: 10/10
  9901 | D:9      | Reached skill level 10 in Fighting
 10103 | D:9      | Found Inaelof's Gadget Boutique.
 10309 | D:9      | Reached skill level 14 in Fighting
 10309 | D:9      | Reached XP level 11. HP: 110/110 MP: 11/11
 10351 | D:10     | Entered Level 10 of the Dungeon
 10441 | D:9      | Gained mutation: You are somewhat inexperienced. (-2 XL)
                  | [Ru sacrifice]
 10441 | D:9      | Reached XP level 10. HP: 39/103 MP: 10/10
 10441 | D:9      | Reached XP level 9. HP: 39/95 MP: 9/9
 10441 | D:9      | Reached **** piety under Ru
 10441 | D:9      | Reached ***** piety under Ru
 10939 | D:10     | Noticed a two-headed ogre
 10952 | D:10     | Killed a two-headed ogre
 10952 | D:10     | Reached XP level 10. HP: 44/103 MP: 10/10
 11478 | D:10     | Killed from afar by an orc

Levels and vault maps discovered:
D:1:      ncdulo_smallfort, layout_basic, minmay_misc_feat_square,
          minmay_misc_feat_columns, minivault_19, minmay_indecisive_spiral
D:2:      layout_loops_corners, chequers_ecumenical_altar_simple, first_ration
D:3:      layout_rooms, cheibrodos_gnoll_hut
D:4:      layout_loops_ring, nicolae_overflow_crystal_walls, uniq_menkaure
D:5:      layout_rooms, serial_shops, shop
D:6:      layout_gridville, uniq_prince_ribbit1
D:7:      layout_basic, minmay_temple_entry_poolview, moated_statue
D:8:      layout_basic, uniq_pikel
D:9:      layout_cave_pools, serial_shops, kennysheep_mini_moat,
          grunt_decor_cap, blue_anna_alchemist [blue_anna_fruit_fields,
          blue_anna_fruit_fields]
D:10:     layout_cave_pools, hiddenorc1_lemuel, elyvilon_altar_4

Skill      XL: |  1  2  3  4  5  6  7  8  9 10 |
---------------+-------------------------------+-----
Fighting       | 5 6 7 8 9 14 | 14.3
Axes           | 2 3 4 5 6 7 9 11 12 | 12.8
Dodging        | 1 2 3 4 5 7 8 |  8.5
Armour         | 1 2 4 8 7 |  8.3
Throwing       | |  1.0
Stealth        | |  1.0
Spellcasting   | |  1.0
Fire Magic     | |  1.3

Action                   |  1- 3 |  4- 6 |  7- 9 | 10-12 || total
-------------------------+-------+-------+-------+-------++-------
Melee: Hand axe          |   104 |    84 |   392 |   151 ||   731
       Headbutt          |     8 |    15 |    79 |    50 ||   152
       Morningstar       |       |    13 |     5 |       ||    18
       War axe           |       |       |    17 |   106 ||   123
Invok: Sacrifice Arcana  |       |       |     1 |       ||     1
       Draw Out Power    |       |       |     1 |     1 ||     2
       Sacrifice Artific |       |       |     1 |       ||     1
       Sacrifice Experie |       |       |     1 |       ||     1
       Power Leap        |       |       |       |     1 ||     1
  Use: Scroll            |     3 |     3 |    14 |     6 ||    26
       Potion            |       |     2 |     1 |     1 ||     4
 Stab: Invisible         |       |       |     4 |     1 ||     5
       Distracted        |       |       |       |     1 ||     1
  Eat: Chunk             |     3 |     2 |    17 |     4 ||    26
       Ration            |       |     1 |       |     1 ||     2
Armor: Leather armour    |     5 |       |       |       ||     5
       Robe              |     1 |       |       |       ||     1
       Ring mail         |    34 |       |       |       ||    34
       Chain mail        |       |    47 |     3 |       ||    50
       Plate armour      |       |       |   216 |   152 ||   368
       Skin              |       |       |    22 |       ||    22
Dodge: Dodged            |    63 |    46 |   128 |    88 ||   325

Table legend:
 A = Non-vault XP
 B = Vault XP
 C = Vault XP percentage of total XP
 D = Non-vault monster count
 E = Vault monster count
 F = Vault count percentage of total count
                 A         B        C        D         E       F
            +---------+---------+-------+---------+---------+-------
      Total |   10901 |    1566 |  12.6 |     234 |      26 |  10.0
            +---------+---------+-------+---------+---------+-------
        D:1 |      36 |       6 |  14.3 |      19 |       4 |  17.4
        D:2 |      39 |      42 |  51.9 |      20 |       1 |   4.8
        D:3 |     105 |      56 |  34.8 |       8 |       2 |  20.0
        D:4 |     534 |     175 |  24.7 |      15 |       1 |   6.2
        D:5 |     568 |       0 |   0.0 |      27 |       0 |   0.0
        D:6 |     556 |     264 |  32.2 |      18 |       1 |   5.3
        D:7 |    1211 |       0 |   0.0 |      26 |       0 |   0.0
        D:8 |    1144 |     688 |  37.6 |      18 |       2 |  10.0
        D:9 |    4020 |       0 |   0.0 |      60 |       0 |   0.0
       D:10 |    2688 |     335 |  11.1 |      23 |      15 |  39.5
            +---------+---------+-------+---------+---------+-------
